 Dungeon Crawl Stone Soup version 0.21.1-1-g345015f (webtiles) character file.

911 letownia3 the Magician (level 7, -2/52 HPs)
             Began as a Demonspawn Wizard on Feb 5, 2018.
             Succumbed to letownia3's ghost's poison
             ... on level 6 of the Dungeon.
             The game lasted 00:08:35 (4388 turns).

letownia3 the Magician (Demonspawn Wizard)          Turns: 4388, Time: 00:08:36

Health: -2/52      AC: 13    Str: 10    XL:     7   Next: 82%
Magic:  12/14      EV: 11    Int: 22    God:
Gold:   213        SH:  0    Dex: 11    Spells: 7/16 levels left

rFire    . . .     SeeInvis .   a - +1 flail (protect)
rCold    + . .     Gourm    .   (no shield)
rNeg     . . .     Faith    .   y - +0 leather armour
rPois    .         Spirit   .   b - +0 hat
rElec    .         Reflect  .   (no cloak)
rCorr    .         Harm     .   (no gloves)
MR       .....                  w - +0 pair of boots
Stlth    +.........             (no amulet)
HPRegen  0.17/turn              o - ring of flight
MPRegen  0.14/turn              k - +3 ring of intelligence

@: lethally poisoned (-2 -> -27), protection aura
A: thin metallic scales 1, cold resistance 1
a: Evoke Flight


You were on level 6 of the Dungeon.
You were not hungry.

You visited 1 branch of the dungeon, and saw 6 of its levels.

You collected 213 gold pieces.

Inventory:

Hand Weapons
 a - a +1 flail of protection (weapon)
 e - a +0 short sword
 m - a cursed -3 short sword
Missiles
 x - 4 tomahawks (quivered)
Armour
 b - a +0 hat (worn)
 n - a +0 robe
 w - a +0 pair of boots (worn)
 y - a +0 leather armour (worn)
 A - a +0 scale mail
Jewellery
 g - a +2 ring of strength
 k - a +3 ring of intelligence (right hand)
 o - a ring of flight (left hand)
Scrolls
 f - 4 scrolls of identify {unknown}
 p - 2 scrolls of remove curse {unknown}
 q - 2 scrolls of teleportation {unknown}
 s - a scroll of enchant armour {unknown}
 t - a scroll of random uselessness {unknown}
 u - a scroll of enchant weapon {unknown}
Potions
 h - a potion of invisibility {unknown}
 i - a potion of brilliance {unknown}
 l - a potion of ambrosia {unknown}
 r - 2 potions of cancellation {unknown}
 v - a potion of degeneration {unknown}
 z - 2 potions of lignification {unknown}
 B - a potion of berserk rage {unknown}
Books
 c - a book of Minor Magic

   Spells                             Type                      Level
   a - Magic Dart                     Conjuration                  1
   b - Blink                          Translocation                2
   c - Call Imp                       Summoning                    2
   d - Slow                           Hexes                        2
   e - Conjure Flame                  Conjuration/Fire             3
   f - Mephitic Cloud                 Conjuration/Poison/Air       3
Comestibles
 d - 10 rations
 j - 2 chunks of flesh


   Skills:
 - Level 3.5 Fighting
 - Level 1.7 Dodging
 - Level 1.7 Stealth
 + Level 5.0 Spellcasting
 - Level 4.0 Conjurations
   Level 1.0 Summonings
 - Level 2.5 Translocations
 - Level 2.2 Fire Magic
 - Level 2.2 Air Magic
 - Level 2.0 Poison Magic


You had 7 spell levels left.
You knew the following spells:

 Your Spells              Type           Power        Failure   Level  Hunger
a - Magic Dart            Conj           ###.         2%          1    None
b - Blink                 Tloc           N/A          7%          2    None
c - Conjure Flame         Conj/Fire      ###.....     12%         3    ##.....
e - Mephitic Cloud        Conj/Pois/Air  ###.....     13%         3    ##.....


Dungeon Overview and Level Annotations

Branches:
Dungeon (6/15)
 Temple: D:4-7

Altars:
Nemelex Xobeh
Qazlal

Shops:
D:5 =

Annotations:
D:2 Sigmund
D:6 letownia3's ghost, novice DsWz


Innate Abilities, Weirdness & Mutations

You are partially covered in thin metallic scales. (AC +2)
Your flesh is cold resistant. (rC+)


Message History

* * * LOW HITPOINT WARNING * * *
You feel sick. Letownia3's ghost misses you.
Letownia3's ghost hits you but does no damage.
You are more poisoned.
You are too injured to fight recklessly!
You feel less confused.
* * * LOW HITPOINT WARNING * * *
You feel sick.
Letownia3's ghost points at you and mumbles some strange words.
The ball explodes into a vile cloud!
The stinking cloud engulfs you!
An adder zombie comes into view.
Unknown command.
* * * LOW HITPOINT WARNING * * *
You feel sick. Letownia3's ghost hits you.
* * * LOW HITPOINT WARNING * * *
You are more poisoned.
You hit letownia3's ghost.
Your weapon exudes an aura of protection.
Letownia3's ghost is heavily damaged.
You die...

.........# .
....#.#.# ...
...#.#.# ..
.#....#.# ..
.......#####
###.##.#.......Z
.......§§§......
#..##.§§§######
#..#..§@§.....#
#..#.##W.##.#.#.
#..#............
#..#.#.##.#.....
#..#.....<# ...#
#..#†###### ..#
#........... #
#..#.#######
######........


You could see letownia3's ghost.

Vanquished Creatures
  A sky beast (D:5)
  A phantom (D:4)
  An ice beast (D:5)
  An ogre (D:4)
  A centaur (D:5)
  A scorpion (D:6)
  2 howler monkeys
  A crimson imp (D:5)
  An orc priest (D:5)
  2 hounds (D:4)
  A bullfrog skeleton (D:5)
  3 worker ants
  An orc wizard (D:5)
  4 gnolls (D:5)
  3 adders
  An ooze (D:1)
  An adder skeleton (D:5)
  An adder zombie (D:5)
  5 leopard geckos
  12 orcs
  A ball python (D:1)
  2 giant cockroaches
  2 hobgoblins
  A quokka (D:2)
  3 bats
  A frilled lizard (D:5)
  13 goblins
  7 kobolds
  A rat (D:3)
75 creatures vanquished.

Notes
Turn   | Place    | Note
-------+----------+-------------------------------------------
     0 | D:1      | letownia3 the Demonspawn Wizard began the quest for the Orb.
     0 | D:1      | Reached XP level 1. HP: 13/13 MP: 4/4
   284 | D:1      | Gained mutation: You are partially covered in thin metallic scales. (AC +2) [demonic ancestry]
   284 | D:1      | Reached XP level 2. HP: 12/19 MP: 4/6
   407 | D:2      | Noticed Sigmund
  1048 | D:2      | Reached XP level 3. HP: 21/24 MP: 5/7
  1053 | D:2      | Learned a level 3 spell: Mephitic Cloud
  1057 | D:2      | Learned a level 3 spell: Conjure Flame
  1132 | D:3      | Found a sparkling altar of Nemelex Xobeh.
  1794 | D:4      | Noticed an ogre
  1820 | D:4      | Killed an ogre
  1820 | D:4      | Reached skill level 1 in Fire Magic
  1820 | D:4      | Reached skill level 1 in Air Magic
  1820 | D:4      | Reached skill level 1 in Poison Magic
  1820 | D:4      | Reached XP level 4. HP: 30/30 MP: 2/8
  1820 | D:4      | Reached XP level 5. HP: 35/35 MP: 2/9
  1824 | D:4      | Learned a level 2 spell: Blink
  1886 | D:4      | Reached skill level 1 in Translocations
  1982 | D:4      | Found a stormy altar of Qazlal.
  2133 | D:4      | Noticed a phantom
  2175 | D:4      | Killed a phantom
  2175 | D:4      | Reached skill level 1 in Fighting
  2175 | D:4      | Reached XP level 6. HP: 23/43 MP: 0/10
  2492 | D:5      | Entered Level 5 of the Dungeon
  2520 | D:5      | Noticed a sky beast
  2545 | D:5      | Killed a sky beast
  3228 | D:5      | Gained mutation: Your flesh is cold resistant. (rC+) [demonic ancestry]
  3228 | D:5      | Reached XP level 7. HP: 37/50 MP: 9/12
  3681 | D:5      | Found Jisenon's Jewellery Emporium.
  3760 | D:5      | Reached skill level 4 in Spellcasting
  4364 | D:6      | Reached skill level 5 in Spellcasting
  4369 | D:6      | Noticed letownia3's ghost (novice DsWz)
  4387 | D:6      | HP: 1/52 [letownia3's ghost (2)]
  4388 | D:6      | Succumbed to letownia3's ghost's poison

Skill      XL: |  1  2  3  4  5  6  7 |
---------------+----------------------+-----
Conjurations   | 2 3 4 |  4.0
Fire Magic     | 1 2 |  2.2
Air Magic      | 1 2 |  2.2
Poison Magic   | 1 2 |  2.0
Translocations | 1 2 |  2.5
Fighting       | 1 2 3 |  3.5
Spellcasting   | 5 |  5.0
Dodging        | |  1.7
Stealth        | |  1.7
Summonings     | |  1.0

Action                   |  1- 3 |  4- 6 |  7- 9 || total
-------------------------+-------+-------+-------++-------
Melee: Short sword       |    26 |       |       ||    26
       Unarmed           |     5 |       |       ||     5
       Flail             |     8 |    87 |   108 ||   203
Throw: Tomahawk          |     6 |     2 |     5 ||    13
 Cast: Magic Dart        |    60 |    25 |    22 ||   107
       Mephitic Cloud    |     3 |     6 |     5 ||    14
       Conjure Flame     |     1 |     1 |     2 ||     4
       Blink             |       |     1 |       ||     1
 Stab: Sleeping          |     3 |       |       ||     3
       Confused          |       |     3 |     2 ||     5
  Eat: Chunk             |     3 |     5 |     5 ||    13
Armor: Robe              |     6 |    26 |       ||    32
       Leather armour    |       |     5 |    48 ||    53
Dodge: Dodged            |    34 |    93 |    69 ||   196
